 Dungeon Crawl Stone Soup version 0.28.0-53-g5a82cb258f (webtiles) character file.

Game seed: 18224198102493445726

67 DemonSlayer the Firebug (level 3, -1/24 HPs)
             Began as a Demonspawn Fire Elementalist on Aug 9, 2022.
             Slain by a hobgoblin (5 damage)
             ... led by Robin
             ... on level 2 of the Dungeon.
             The game lasted 00:04:09 (2679 turns).

DemonSlayer the Firebug (DsFE)                      Turns: 2679, Time: 00:04:09

Health: -1/24      AC:  5    Str:  8    XL:     3   Next: 98%
Magic:  2/6        EV: 12    Int: 18    God:
Gold:   58         SH:  0    Dex: 13    Spells: 4/7 levels left

rFire   . . .      SeeInvis .   (no weapon)
rCold   . . .      Faith    .   (no shield)
rNeg    . . .      Spirit   .   a - +1 robe
rPois   .          Reflect  .   (helmet restricted)
rElec   .          Harm     .   c - scarf {repulsion}
rCorr   .          Rampage  .   (no gloves)
Will    .....                   (no boots)
Stlth   ++........              (no amulet)
HPRegen 0.08/turn               (no ring)
MPRegen 0.10/turn               (no ring)

@: repel missiles
A: horns 1, yellow scales 1
a: no special abilities


You were on level 2 of the Dungeon.
You visited 1 branch of the dungeon, and saw 3 of its levels.

You collected 58 gold pieces.

Inventory:

Missiles
 f - a throwing net
Armour
 a - a +1 robe (worn)
 c - a scarf of repulsion (worn)
Scrolls
 b - 5 scrolls of identify {unknown}
 k - a scroll of enchant armour
Potions
 d - a potion of brilliance {unknown}
 e - 2 potions of berserk rage {unknown}
 g - a potion of heal wounds {unknown}
 h - a potion of degeneration {unknown}
 i - a potion of flight {unknown}
 j - a potion of resistance {unknown}


   Skills:
 + Level 2.0 Dodging
 + Level 1.8 Stealth
 + Level 2.5 Spellcasting
 + Level 2.1 Conjurations
 + Level 3.5 Fire Magic


You had 4 spell levels left.
You knew the following spells:

 Your Spells              Type           Power      Damage    Failure   Level
a - Foxfire               Conj/Fire      48%        2x1d6     5%          1
b - Scorch                Fire           30%        2d6       6%          2

Your spell library contained the following spells:

 Spells                   Type           Power      Damage    Failure   Level
 Conjure Flame            Conj/Fire      12%        6-21      16%         3
 Inner Flame              Hex/Fire       8%         N/A       26%         3
 Flame Wave               Conj/Fire      12%        2d6       47%         4


Dungeon Overview and Level Annotations

Branches:
Dungeon (3/15)

Altars:

Annotations:
D:2 1 runed translucent door, Crazy Yiuf, Robin


Innate Abilities, Weirdness & Mutations

You have a pair of small horns on your head.
You are partially covered in yellow scales. (AC +2)


Message History

The goblin closely misses you. x2
You barely miss the goblin. The hobgoblin completely misses you.
The goblin hits you but does no damage. The goblin closely misses you.
You closely miss the goblin.
The goblin no longer looks unusually strong.
The hobgoblin barely misses you. The goblin barely misses you.
The goblin closely misses you.
The goblin no longer looks unusually strong.
Robin throws the goblin at you!
The goblin hits you but does no damage. x2
You barely miss the goblin. You headbutt the goblin.
You kill the goblin!
The hobgoblin no longer looks unusually strong.
The hobgoblin closely misses you. Robin closely misses you.
The goblin barely misses you. The goblin misses you.
Things that are here:
a +0 dagger; a goblin corpse Robin throws the goblin at you!
The goblin closely misses you. The goblin closely misses you.
Robin roars a battlecry!
The goblins go into a battle-frenzy!
There is a stone staircase leading down here.
The hobgoblin hits you.
* * * LOW HITPOINT WARNING * * *
You climb downwards.
Found a pair of embroidered gloves.
There is a stone staircase leading up here.
The orc shouts!
The frilled lizard hisses angrily.
The ball python hisses angrily.
The hobgoblin hits you but does no damage.
The orc barely misses you. x2
You climb upwards.
Level annotation: 1 runed translucent door, Crazy Yiuf, Robin The hobgoblin closely misses you.
The goblin barely misses you.
There is a stone staircase leading down here.
As you read the scroll labelled LIYMPU DOSCHAEMM, it crumbles to dust.
It is a scroll of enchant armour.
Your +0 robe glows green for a moment.
The hobgoblin barely misses you. The hobgoblin hits you.
You die...

#.................#...#
###...........##.###...
###...#.........#.###
#.รท.#.....####.##
##.###....# ###
#.####...# #o#.......
#g#.##.#### #@#.##.#
#gggg..#
###(#.g#########
#.....).......##.
#..#..#..........
#..#..#..!....##.
#.........#...#
#.##..#...#...# #.
#....###.#...


You could see Robin, an orc, 3 hobgoblins and 2 goblins.

Vanquished Creatures
  3 adders (D:2)
  A dart slug (D:1)
  5 ball pythons
  3 bats
  An endoplasm (D:1)
  8 goblins
  3 hobgoblins
  3 jackals (D:1)
  2 kobolds
  A quokka (D:2)
  4 frilled lizards (D:1)
  A rat (D:1)
35 creatures vanquished.

Vanquished Creatures (others)
  155 foxfires
  3 fungi (D:2)
158 creatures vanquished.

Grand Total: 193 creatures vanquished

Notes
Turn   | Place    | Note
-------+----------+-------------------------------------------
     0 | D:1      | DemonSlayer the Demonspawn Fire Elementalist began the
                  | quest for the Orb.
     0 | D:1      | Reached XP level 1. HP: 13/13 MP: 3/3
    38 | D:1      | Reached skill level 3 in Fire Magic
   390 | D:1      | Gained mutation: You are partially covered in yellow
                  | scales. (AC +2) [demonic ancestry]
   390 | D:1      | Reached XP level 2. HP: 15/19 MP: 0/5
   393 | D:1      | Learned a level 2 spell: Scorch
   883 | D:1      | Found a faded altar of an unknown god.
  1844 | D:2      | Gained mutation: You have a pair of small horns on your
                  | head. [demonic ancestry]
  1844 | D:2      | Reached XP level 3. HP: 16/24 MP: 2/6
  2424 | D:2      | Found a runed translucent door.
  2425 | D:2      | Noticed Crazy Yiuf
  2646 | D:2      | Noticed Robin
  2679 | D:2      | Slain by a hobgoblin

Illustrated notes

Levels and vault maps discovered:
D:1:      dpeg_arrival_shrine, layout_basic, shapermc_ecumenical_altar_ellora
D:2:      layout_loops_ring, serial_shops, shop, uniq_robin,
          uniq_crazy_yiuf_cottage
D:3:      layout_rooms, minivault_4

Skill      XL: |  1  2  3 |
---------------+----------+-----
Fire Magic     | 3 |  3.5
Conjurations   | 2 |  2.1
Dodging        | 2 |  2.0
Stealth        | |  1.8
Spellcasting   | |  2.5

Action                   || total
-------------------------++-------
Melee: Unarmed           ||    39
       Headbutt          ||     3
       Punch             ||     1
 Cast: Foxfire           ||   103
  Use: Scroll            ||     1
Armor: Robe              ||    26
Dodge: Dodged            ||    50
